 Dungeon Crawl Stone Soup version 0.27.1-3-gb3d3a73c9e (webtiles) character file.

Game seed: 9935351872049270195

81 pkoi the Slasher (level 4, -7/37 HPs)
             Began as a Minotaur Gladiator on Oct 7, 2021.
             Mangled by a phantom (8 damage)
             ... on level 3 of the Dungeon.
             The game lasted 00:01:44 (2027 turns).

pkoi the Slasher (Minotaur Gladiator)               Turns: 2027, Time: 00:01:44

Health: -7/37      AC:  4    Str: 18 (20) XL:     4   Next: 20%
Magic:  3/3        EV: 12    Int:  3 (5)  God:
Gold:   74         SH:  0    Dex: 10 (11) Spells: 3/3 levels left

rFire    . . .     SeeInvis .   a - +0 long sword
rCold    . . .     Faith    .   (no shield)
rNeg     . . .     Spirit   .   b - +0 leather armour
rPois    .         Reflect  .   c - +0 hat
rElec    .         Harm     .   i - +0 cloak
rCorr    .         Rampage  .   (no gloves)
Will     .....                  (no boots)
Stlth    +.........             (no amulet)
HPRegen  0.12/turn              (no ring)
MPRegen  0.08/turn              (no ring)

@: lethally poisoned (-7 -> -9)
A: horns 2, retaliatory headbutt
a: no special abilities


You were on level 3 of the Dungeon.
You visited 1 branch of the dungeon, and saw 3 of its levels.

You collected 74 gold pieces.

Inventory:

Hand Weapons
 a - a +0 long sword (weapon)
Missiles
 d - 3 throwing nets (quivered)
 j - 20 poisoned darts
Armour
 b - a +0 leather armour (worn)
 c - a +0 hat (worn)
 i - a +0 cloak (worn)
Jewellery
 e - a +6 ring of intelligence
Scrolls
 h - 2 scrolls of identify
Potions
 f - a potion of degeneration
 k - a potion of berserk rage


   Skills:
 - Level 2.4 Fighting
 + Level 6.1 Long Blades
 - Level 2.0 Throwing
 - Level 3.2 Dodging


You had 3 spell levels left.
You didn't know any spells.
Your spell library contained the following spells:

 Spells                   Type           Power      Damage    Failure   Level
 Freeze                   Ice            0%         1d3       58%         1
 Frozen Ramparts          Ice            0%         1d2       91%         3
 Hailstorm                Conj/Ice       0%         3d3       100%        4


Dungeon Overview and Level Annotations

Branches:
Dungeon (3/15)

Altars:


Innate Abilities, Weirdness & Mutations

You have a pair of horns on your head.
You reflexively headbutt those who attack you in melee.


Message History

You are too injured to fight recklessly!
You are too injured to fight recklessly!
You are too injured to fight recklessly!
You are too injured to fight recklessly!
Unknown command.
Unknown command.
You barely miss the adder. Your headbutt misses the adder.
The adder is almost dead.
The adder bites you.
You are poisoned.
The adder poisons you!
The phantom hits you but does no damage.
Unknown command.
You barely miss the adder.
The adder is almost dead.
You feel sick. The adder bites you.
* * * LOW HITPOINT WARNING * * *
You are more poisoned.
The adder poisons you! The phantom hits you!
* * * LOW HITPOINT WARNING * * *
The phantom blinks!
You blink.
Unknown command.
You miss the phantom.
You feel sick. The phantom closely misses you. You furiously retaliate!
You headbutt the phantom. The hobgoblin misses you.
Unknown command.
You barely miss the phantom.
The phantom is lightly damaged.
You feel sick. The phantom hits you.
* * * LOW HITPOINT WARNING * * *
The phantom blinks!
You blink.
Unknown command.
It was a potion of degeneration.
There was something very wrong with that liquid.
You feel weakened.
You feel dopey.
You feel clumsy.
* * * LOW HITPOINT WARNING * * *
You feel sick.
The phantom hits you but does no damage.
* * * LOW HITPOINT WARNING * * *
You feel sick. The phantom hits you!
You die...

##### #...#
.#####...#######
.........+......#
........#...##.##
####++####......+........
#........#......#...###..
#.≈§..§W@##.#.#.#...#.#..
#.≈≈..≈≈.#.#.#.#.#'#.#...
+.....Sg.'..#.#.#.#.#.##.
+........')#)#.#.#.#.#.#.
#.§≈.§≈≈.#<÷#.....#.#.#..
#.§≈..≈≈.#.#.#...#.#.#.##
#..?.....##.#.....#.#.###
####++####.#.#.#.#.#o#.#
#.#.#.#.#.#.#.##


You could see a phantom, an adder and a hobgoblin.

Vanquished Creatures
  An orc wizard (D:3)
  A gnoll (D:2)
  An adder (D:2)
  A dart slug (D:1)
  2 orcs
  5 ball pythons
  3 endoplasms
  3 goblins (D:2)
  6 hobgoblins
  A quokka (D:1)
  5 bats
  A frilled lizard (D:1)
  A kobold (D:3)
  2 rats (D:1)
33 creatures vanquished.

Notes
Turn   | Place    | Note
-------+----------+-------------------------------------------
     0 | D:1      | pkoi the Minotaur Gladiator began the quest for the Orb.
     0 | D:1      | Reached XP level 1. HP: 18/18 MP: 0/0
    97 | D:1      | Reached skill level 4 in Long Blades
   108 | D:1      | Found a faded altar of an unknown god.
   159 | D:1      | Reached XP level 2. HP: 24/25 MP: 1/1
   558 | D:2      | Reached skill level 5 in Long Blades
   758 | D:2      | Reached XP level 3. HP: 30/30 MP: 2/2
  2013 | D:3      | Reached skill level 6 in Long Blades
  2013 | D:3      | Reached XP level 4. HP: 36/37 MP: 3/3
  2017 | D:3      | Noticed a phantom
  2027 | D:3      | HP: 1/37 [poisoned by an adder]
  2027 | D:3      | Mangled by a phantom

Illustrated notes

Levels and vault maps discovered:
D:1:      dpeg_arrival_pits, layout_rooms, hellmonk_ecumenical_altar_crossroads,
          amethyst_killhole, minmay_misc_feat_tower
D:2:      layout_basic, minmay_misc_feat_ornament, hex_medium
D:3:      layout_basic, led_sif_book, serial_shops, shop_statue,
          kennysheep_generic_room_5, uniq_sigmund

Skill      XL: |  1  2  3 |
---------------+----------+-----
Long Blades    | 4 5 6 |  6.1
Fighting       | |  2.4
Throwing       | |  2.0
Dodging        | |  3.2

Action                   |  1- 3 |  4- 6 || total
-------------------------+-------+-------++-------
Melee: Long sword        |    51 |     5 ||    56
       Headbutt          |     5 |     1 ||     6
  Use: Scroll            |     2 |       ||     2
       Potion            |       |     1 ||     1
 Stab: Sleeping          |     1 |       ||     1
Armor: Leather armour    |    15 |     3 ||    18
Dodge: Dodged            |    40 |     4 ||    44
       Rpst.: Long sword |     7 |     1 ||     8
